 Dungeon Crawl Stone Soup version 0.32-a0-163-g159c032296 (webtiles) character file.

Game seed: 9531536481062862802

1 Bravepunisher the Ducker (level 1, -1/11 HPs)
             Began as a Spriggan Monk on Feb 11, 2024.
             Slain by a black bear (3 damage)
             ... on level 4 of the Dungeon.
             The game lasted 00:01:10 (187 turns).

Bravepunisher the Ducker (Spriggan Monk)             Turns: 187, Time: 00:01:10

Health: -1/11      AC:  3    Str:  7    XL:     1   Next: 16%
Magic:  2/2        EV: 18    Int: 11    God:
Gold:   10         SH:  0    Dex: 17    Spells: 0/0 levels left

rFire   . . .        a - +0 short sword
rCold   . . .        (no shield)
rNeg    . . .        b - +0 robe
rPois   .            (helmet restricted)
rElec   .            (no cloak)
rCorr   .            (gloves unavailable)
SInv    +            (boots unavailable)
Will    .....        (no amulet)
Stlth   ++           (no ring)
HPRegen 0.21/turn    (no ring)
MPRegen 0.08/turn

%: no passive effects
@: hasted, very quick
A: very small, no large weapons, unfitting armour, see invisible, speed 3,
shaggy fur 1, MP-powered wands
a: no special abilities


You were on level 4 of the Dungeon.
You visited 1 branch of the dungeon, and saw 4 of its levels.

You collected 10 gold pieces.

Inventory:

Hand Weapons
 a - a +0 short sword (weapon)
Armour
 b - a +0 robe (worn)
Jewellery
 e - an amulet of regeneration
Potions
 c - a potion of ambrosia


   Skills:
 + Level 2.4 Fighting
 - Level 3.2 Short Blades
 * Level 4.1 Dodging


You couldn't memorise any spells.
You didn't know any spells.
Your spell library was empty.

Dungeon Overview and Level Annotations

Branches:
Dungeon (4/15)
 Temple: D:4-7

Altars:
Dithmenos
Hepliaklqana

Annotations:
D:4 Dowan, Duvessa


Innate Abilities, Weirdness & Mutations

You are very small and have problems with some larger weapons.
You are too small for most types of armour.
You have supernaturally acute eyesight. (SInv)
You cover ground extremely quickly. (Speed+++)
You are covered in fur. (AC +1)
You expend magic power (3 MP) to strengthen your wands.


Message History

Dowan shouts!
Duvessa shouts!
You hear a bark!
You hear an angry hiss.
A jackal comes into view.
A jelly comes into view.
The jackal barely misses you.
A jackal comes into view.
A ball python and a jackal come into view.
The jackal barks! x2
Dowan mumbles some strange words.
Dowan blinks!
The jackal closely misses you. The jackal barely misses you.
A black bear comes into view.
The helpless black bear fails to defend itself.
You puncture the black bear!
The black bear is moderately wounded.
The black bear misses you. x3
It was a potion of mutation.
You feel extremely strange.
You feel your magical essence link to the dungeon's wands.
Fur sprouts all over your body. The jackal closely misses you.
The black bear bites you!
Ouch! That really hurt!
The black bear misses you. The black bear barely misses you.
Unknown command.
It was a potion of haste.
You feel yourself speed up. The jackal closely misses you.
The black bear closely misses you. The black bear claws you.
* * * LOW HITPOINT WARNING * * *
The black bear claws you.
* * * LOW HITPOINT WARNING * * *
It was a potion of curing.
You feel better. The jackal barely misses you. The jackal bites you.
You barely miss the black bear.
The black bear is moderately wounded.
The black bear bites you but does no damage.
The black bear completely misses you. The black bear claws you.
The jackal bites you.
* * * LOW HITPOINT WARNING * * *
The air fills with toxic fumes!
As you read the scroll labelled NUCEBL POAC, it crumbles to dust.
It was a scroll of poison.
The jackal closely misses you. x2
The black bear closely misses you. x2; The black bear claws you.
You die...

#### ...##########
########## ...)........#
#h@h§§§§§#
.#.##......<###h######§#
.#.##.###.#..##J#
.............##§#
....#####'##§##h# ....#
#...#..ee# ....#
+.e.#.##§# ....#
#...#.##§# ....#
+...#....#


You could see Duvessa, a black bear, Dowan, a jelly and 3 jackals.

Vanquished Creatures
  A kobold (D:4)
1 creature vanquished.

Notes
Turn   | Place    | Note
-------+----------+-------------------------------------------
     0 | D:1      | Bravepunisher the Spriggan Monk began the quest for the
                  | Orb.
     0 | D:1      | Reached XP level 1. HP: 11/11 MP: 2/2
    12 | D:1      | Noticed a swamp drake
    12 | D:1      | Noticed a black bear
    12 | D:1      | Noticed a snapping turtle
    13 | D:1      | Noticed a killer bee
    13 | D:1      | Noticed a swamp worm
    76 | D:3      | Found a shadowy altar of Dithmenos.
    77 | D:3      | Noticed a shadow
    79 | D:3      | Found a hazy altar of Hepliaklqana.
   125 | D:4      | Noticed an iguana
   169 | D:4      | Noticed Duvessa
   169 | D:4      | Noticed Dowan
   171 | D:4      | Noticed a jelly
   180 | D:4      | Noticed a black bear
   183 | D:4      | Gained mutation: You expend magic power (3 MP) to
                  | strengthen your wands. [potion of mutation]
   183 | D:4      | Gained mutation: You are covered in fur. (AC +1) [potion of
                  | mutation]
   187 | D:4      | Slain by a black bear

Illustrated notes

Levels and vault maps discovered:
D:1:      onia_arrival_zoo_common, layout_basic, minmay_tromino_mix6
D:2:      layout_rooms, serial_shops, shop, hangedman_feature_mirror,
          uniq_sigmund
D:3:      layout_loops_cross, riverfiend_overflow_shadow_ancestor,
          mainiacjoe_overflow_boulevard
D:4:      dreamdust_elfheim, layout_loops_ring

Action                     || total
---------------------------++-------
  Melee: Short sword       ||     4
    Use: Potion            ||     3
         Scroll            ||     1
   Stab: Sleeping          ||     1
 Armour: Robe              ||     8
  Dodge: Dodged            ||    23

Table legend: (Time is in decaauts)
 A = Elapsed time spent in this place.
 B = Non-inter-level travel time spent in this place.
 C = Inter-level travel time spent in this place.
 D = Time resting spent in this place.
 E = Time spent auto-exploring this place.
 F = Levels seen in this place.
 G = Mean time per level.
                   A        B        C        D        E       F      G
               +--------+--------+--------+--------+--------+-----+--------+
         Total |    121 |    121 |      0 |      0 |     34 |   4 |   30.2 |
       Dungeon |    121 |    121 |      0 |      0 |     34 |   4 |   30.2 |
               +--------+--------+--------+--------+--------+-----+--------+

Top non-repeatable levels by time:
     D:4: 56 daAuts
     D:3: 33 daAuts
     D:1: 26 daAuts
     D:2: 5 daAuts
